Match 30819877
Unlisted

Match 30819877
End
Construct Section Command Post
Selects Heavy Armor Battlegroup
Infantry Section
ML 3-inch Mortar Team
Grenade Package
Infantry Section
ML 3-inch Mortar Team
Construct Platoon Command Post
Selects Rigorous Vehicle Training
6-pounder Anti-tank Gun Team
Construct Company Command Post
Matilda II Heavy Tank
Foot Guards Section
Selects Crusader AA Medium Tank
Selects UNKNOWN (2162094)
icecaKe
Mee Rebus
Alekel
Hootch
matrix4x4
wpedsa
Tekkent
今天拖了丽芙后腿
0
0

Comments sign in to comment!

No comments posted yet!